 Dungeon Crawl Stone Soup version 0.30-a0-777-ga9a30cbeda (webtiles) character file.

Game seed: 10542242831965067682

1608 DEFE the Basher (level 8, -9/54 HPs)
             Began as a Demonspawn Wanderer on Feb 14, 2023.
             Mangled by Prince Ribbit (10 damage)
             ... on level 6 of the Dungeon.
             The game lasted 00:04:48 (5348 turns).

DEFE the Basher (Demonspawn Wanderer)               Turns: 5348, Time: 00:04:48

Health: -9/54      AC: 13    Str: 14 (17) XL:     8   Next: 63%
Magic:  11/11      EV:  3    Int: 11 (13) God:
Gold:   325        SH:  0    Dex:  9 (11) Spells: 10/11 levels left

rFire   . . .      SeeInvis .    v - +2 flail (venom)
rCold   . . .      Faith    .    (no shield)
rNeg    . . .      Spirit   .    x - +0 plate armour
rPois   .          Reflect  .    (helmet restricted)
rElec   .          Harm     .    (no cloak)
rCorr   .          Rampage  .    g - +0 pair of gloves
Will    .....                    (no boots) Stlth
                                 (no amulet)
HPRegen 0.29/turn                (no ring)
MPRegen 0.12/turn                (no ring)

@: no status effects
A: horns 1, yellow scales 1, demonic magic 2
a: no special abilities


You were on level 6 of the Dungeon.
You visited 2 branches of the dungeon, and saw 7 of its levels.

You collected 412 gold pieces.
You spent 87 gold pieces at shops.

Inventory:

Hand Weapons
 a - a +2 mace
 v - a +2 flail of venom (weapon)
Armour
 b - a +0 pair of gloves
 d - a +0 robe
 g - a +0 pair of gloves (worn)
 m - a +0 helmet
 r - a +0 ring mail
 x - a +0 plate armour (worn)
Wands
 i - a wand of polymorph (8)
 p - a wand of charming (14)
 A - a wand of flame (14)
Scrolls
 c - a scroll of teleportation
 e - a scroll of poison
 f - 3 scrolls of identify
 o - 2 scrolls of noise
 u - a scroll of enchant weapon {unknown}
 w - a scroll of silence {unknown}
 y - a scroll of torment {unknown}
 z - a scroll of amnesia {unknown}
 D - a scroll of fog {unknown}
Potions
 h - a potion of curing
 j - a potion of degeneration
 k - a potion of haste {unknown}
 l - a potion of cancellation {unknown}
 q - 2 potions of lignification {unknown}
 s - a potion of invisibility {unknown}
 t - a potion of resistance {unknown}
 B - a potion of ambrosia {unknown}
 C - a potion of berserk rage {unknown}


   Skills:
 - Level 1.0 Fighting
 + Level 10.2 Maces & Flails
 - Level 3.6 Stealth
 - Level 2.0 Spellcasting
 - Level 1.0 Fire Magic


You had 10 spell levels left.
You knew the following spells:

 Your Spells              Type           Power      Damage    Failure   Level
a - Foxfire               Conj/Fire      8%         2x1d4     100%        1

Your spell library contained the following spells:

 Spells                   Type           Power      Damage    Failure   Level
 Kindle Blastsparks       Fire/Tloc/Air  2%         2d10      100%        3


Dungeon Overview and Level Annotations

Branches:
Dungeon (6/15)             Temple (1/1) D:5

Altars:
Ashenzari
Cheibriados
Fedhas
Kikubaaqudgha
Makhleb
Nemelex Xobeh
Qazlal
Sif Muna
Uskayaw
Vehumet
Wu Jian
Xom
Yredelemnul

Shops:
D:2 *

Annotations:
D:6 Prince Ribbit


Innate Abilities, Weirdness & Mutations

You have a pair of small horns on your head.
You are partially covered in yellow scales. (AC +2)
Spells you cast may paralyse nearby enemies.


Message History

You hit Prince Ribbit.
Prince Ribbit is poisoned.
Your headbutt misses Prince Ribbit. Prince Ribbit hits you!
You take 7 damage, and have 18/54 hp.
You barely miss Prince Ribbit. Your headbutt misses Prince Ribbit.
Prince Ribbit barely misses you.
Unknown command.
You sock Prince Ribbit!
Prince Ribbit looks even sicker.
Prince Ribbit barely misses you.
Unknown command.
You barely miss Prince Ribbit.
Prince Ribbit hits you but does no damage.
Unknown command.
You hit Prince Ribbit.
Prince Ribbit looks as sick as possible!
Your headbutt misses Prince Ribbit.
Prince Ribbit hits you but does no damage.
Prince Ribbit hits you!
* * * LOW HITPOINT WARNING * * *
You take 10 damage, and have 9/54 hp.
Unknown command.
You hit Prince Ribbit. Your headbutt misses Prince Ribbit.
Prince Ribbit hits you!
* * * LOW HITPOINT WARNING * * *
You take 6 damage, and have 3/54 hp.
Unknown command.
Unknown command.
You feel better. Prince Ribbit barely misses you.
You regained 7 hp, and now have 10/54 hp.
Unknown command.
It was a potion of degeneration.
There was something very wrong with that liquid.
You feel weakened.
You feel dopey.
You feel clumsy. Prince Ribbit hits you.
* * * LOW HITPOINT WARNING * * *
The necrophage hits you.
* * * LOW HITPOINT WARNING * * *
Prince Ribbit hits you!
You die...

,,,,,,,,,,,#.........#..........,
,,,,,,,,...#...........#.......#*
,,,,,,,,....................###**
,,,,,,,,...##........###.#.##*,,,
,,,,,,,,,..................#*,,,,
,,,*******#..........###....,,,,,
,,,,,,*****#..#.............!.,,,
,,,**,,,..##..))n...####.##...,,,
*****,,,......).@F#.....,,,...,,,
*,,,....#####........,,,,,,,,
*,,,...,,,,,....##.>.,,,,,,,,
**,,,,,*****####....##***,,,,>
****,,,,,,* ***,,...## ***,,,,,
,,,,,,,,,,* *,,,*#..# **,,,,,,,
,,,,,,,********,****..#**,,,,,,,,
,,,,,*****,,,,,,* *,..,,,***,,,,
********,,,***********,,,,,,**,,,


You could see Prince Ribbit (very poisoned) and a necrophage.

Vanquished Creatures
  Eustachio (D:5)
  Edmund (D:5)
  Duvessa (D:5)
  An ice beast (D:5)
  2 black bears
  3 ogres
  A phantom (D:4)
  A kobold brigand (D:6)
  A necrophage (D:5)
  A scorpion (D:5)
  Dowan (D:5)
  A jelly (D:5)
  4 hounds
  2 orc wizards (D:5)
  2 iguanas
  Natasha (twice) (D:2)
  4 adders
  6 dart slugs
  8 orcs
  6 endoplasms
  3 giant cockroaches
  4 hobgoblins
  9 kobolds
  3 quokkas
  8 ball pythons
  8 bats
  3 frilled lizards
  6 goblins
  4 rats
97 creatures vanquished.

Notes
Turn   | Place    | Note
-------+----------+-------------------------------------------
     0 | D:1      | DEFE the Demonspawn Wanderer began the quest for the Orb.
     0 | D:1      | DEFE set off with the following items: a +2 mace, a +0 pair
                  | of gloves, a scroll of teleportation, a +0 robe; and the
                  | following spell memorised: Foxfire; and the following
                  | spells available to memorise: Kindle Blastsparks.
     0 | D:1      | Reached XP level 1. HP: 15/15 MP: 3/3
    32 | D:1      | Reached skill level 2 in Maces & Flails
    72 | D:1      | Found a faded altar of an unknown god.
   134 | D:1      | Gained mutation: Spells you cast may paralyse adjacent
                  | enemies. [demonic ancestry]
   134 | D:1      | Reached XP level 2. HP: 21/21 MP: 5/5
   418 | D:1      | Reached skill level 3 in Maces & Flails
   782 | D:2      | Gained mutation: Spells you cast may paralyse nearby
                  | enemies. [demonic ancestry]
   782 | D:2      | Reached XP level 3. HP: 26/26 MP: 6/6
   809 | D:2      | Noticed Natasha
   815 | D:2      | Killed Natasha
  1026 | D:2      | Found Mabronte's Assorted Antiques.
  1039 | D:2      | Bought a fizzy pink potion for 21 gold pieces
  1039 | D:2      | Bought a sedimented inky potion for 21 gold pieces
  1039 | D:2      | Bought a puce potion for 21 gold pieces
  1039 | D:2      | Bought a scroll labelled GEACUDWO LESCH for 24 gold pieces
  1061 | D:2      | Reached XP level 4. HP: 32/32 MP: 7/7
  1088 | D:2      | Reached skill level 4 in Maces & Flails
  1331 | D:2      | Noticed Natasha
  1343 | D:2      | Killed Natasha
  1740 | D:3      | Gained mutation: You have a pair of small horns on your
                  | head. [demonic ancestry]
  1740 | D:3      | Reached XP level 5. HP: 37/37 MP: 8/8
  2195 | D:3      | Reached skill level 5 in Maces & Flails
  2761 | D:4      | Noticed a phantom
  2778 | D:4      | Killed a phantom
  2779 | D:4      | Reached XP level 6. HP: 18/43 MP: 9/9
  3265 | D:4      | Found an ornate altar of the Wu Jian Council.
  3364 | D:4      | Identified the +9 quarterstaff of Discretion {flame, rC+
                  | rN+ Dex-2}
  3394 | D:5      | Entered Level 5 of the Dungeon
  3406 | D:5      | Noticed Eustachio
  3419 | D:5      | Killed Eustachio
  3420 | D:5      | Reached skill level 6 in Maces & Flails
  3565 | D:5      | Noticed an ice beast
  3578 | D:5      | Killed an ice beast
  3579 | D:5      | Reached skill level 7 in Maces & Flails
  3579 | D:5      | Reached XP level 7. HP: 36/48 MP: 10/10
  3666 | D:5      | Found a staircase to the Ecumenical Temple.
  3684 | Temple   | Entered the Ecumenical Temple
  4236 | D:5      | Reached skill level 8 in Maces & Flails
  4379 | D:5      | Noticed Duvessa
  4380 | D:5      | Noticed Dowan
  4389 | D:5      | Killed Duvessa
  4408 | D:5      | Killed Dowan
  4409 | D:5      | Gained mutation: You are partially covered in yellow
                  | scales. (AC +2) [demonic ancestry]
  4409 | D:5      | Reached XP level 8. HP: 32/54 MP: 11/11
  4557 | D:5      | Noticed Edmund
  4568 | D:5      | Killed Edmund
  4569 | D:5      | Reached skill level 9 in Maces & Flails
  5251 | D:6      | Found a hide-covered altar of Uskayaw.
  5290 | D:6      | Reached skill level 10 in Maces & Flails
  5324 | D:6      | Noticed Prince Ribbit
  5348 | D:6      | HP: 1/54 [necrophage (4)]
  5348 | D:6      | Mangled by Prince Ribbit

Illustrated notes

Levels and vault maps discovered:
D:1:      dpeg_arrival_stone_temple_mockup, layout_basic,
          ebering_ecumenical_altar_sacrificial, chequers_serial_rivers_micro_c,
          reono_crystal_passage
D:2:      layout_basic, serial_shops, shop, kennysheep_generic_room_7,
          uniq_natasha
D:3:      layout_basic, minmay_close_crescents
D:4:      layout_basic, marbit_many_paths
D:5:      layout_gridville, kennysheep_mini_moat, minmay_temple_entry_slanted,
          uniq_edmund, uniq_eustachio, uniq_duvessa
D:6:      layout_rooms, mainiacjoe_overflow_alcove_4,
          nicolae_ossuary_entry_ruins, kennysheep_generic_room_11,
          uniq_prince_ribbit1
Temple:   oiseaux_autumnal_temple

Skill      XL: |  1  2  3  4  5  6  7  8 |
---------------+-------------------------+-----
Maces & Flails | 2 3 4 5 7 8 10 | 10.2
Fighting       | |  1.0
Stealth        | |  3.6
Spellcasting   | |  2.0
Fire Magic     | |  1.0

Action                     |  1- 3 |  4- 6 |  7- 9 || total
---------------------------+-------+-------+-------++-------
  Melee: Mace              |    81 |    97 |       ||   178
         Flail             |       |    51 |   114 ||   165
         Headbutt          |       |    18 |    19 ||    37
         Punch             |       |     1 |     2 ||     3
    Use: Potion            |       |     1 |     2 ||     3
         Scroll            |       |       |     4 ||     4
   Stab: Sleeping          |     6 |     4 |       ||    10
 Armour: Robe              |    26 |    12 |       ||    38
         Plate armour      |       |    52 |   104 ||   156
         Ring mail         |       |     7 |       ||     7
  Dodge: Dodged            |    64 |    70 |    24 ||   158

Table legend: (Time is in decaauts)
 A = Elapsed time spent in this place.
 B = Non-inter-level travel time spent in this place.
 C = Inter-level travel time spent in this place.
 D = Time resting spent in this place.
 E = Time spent auto-exploring this place.
 F = Levels seen in this place.
 G = Mean time per level.
                   A        B        C        D        E       F      G
               +--------+--------+--------+--------+--------+-----+--------+
         Total |   5389 |   5209 |    180 |    724 |   3585 |   7 |  769.9 |
       Dungeon |   5053 |   4906 |    147 |    724 |   3296 |   6 |  842.2 |
        Temple |    336 |    303 |     33 |      0 |    289 |   1 |  336.0 |
               +--------+--------+--------+--------+--------+-----+--------+

Top non-repeatable levels by time:
     D:5: 1503 daAuts
     D:2: 1109 daAuts
     D:3: 927 daAuts
     D:4: 813 daAuts
     D:1: 581 daAuts
  Temple: 336 daAuts
     D:6: 117 daAuts
